Map: Beckett Industries LE

Players

IIIIIIIIIIII - Winner!

  • Race: Protoss Protoss
  • League: Diamond

Osiris

  • Race: Terran Terran
  • League: Master

VOD

Have the link to the VOD?

Description

Time

  • Played on: May 6, 2021, 5:24 p.m.
  • Length: 4:57
Show
View Real Time Build Order
Export as new Build Order

IIIIIIIIIIII Protoss - Winner!

Build Orders: Proxy Void Ray 

Get SALT Encoding   

  12  0:01  Probe  
  13  0:13  Probe  
  14  0:18  Pylon  
  14  0:25  Probe  
  15  0:36  Gateway  
  15  0:39  Probe  
  16  0:45  Assimilator  
  16  0:51  Probe  
  17  0:57  Assimilator  
  17  1:03  Probe (Chrono Boost)  
  18  1:14  Gateway  
  18  1:15  Probe (Chrono Boost)  
  19  1:19  Probe (Chrono Boost)  
  20  1:27  Cybernetics Core  
  20  1:33  Probe  
  21  1:44  Pylon  
  21  1:46  Probe  
  22  2:05  Stalker (Chrono Boost)  
  22  2:06  Stargate  
  24  2:13  Shield Battery  
  24  2:22  Stalker (Chrono Boost)  
  28  2:42  Void Ray (Chrono Boost)  
  28  2:46  Pylon  
  30  3:02  Shield Battery  
  30  3:09  Void Ray (Chrono Boost)  
  30  3:14  Stalker  
  36  3:27  Pylon  
  36  3:39  Void Ray (Chrono Boost)  
  38  4:17  Gateway, Probe  
  37  4:29  Probe  
Show
View Real Time Build Order
Export as new Build Order

Osiris Terran 

Build Orders:  

Get SALT Encoding   

  12  0:00  SCV  
  13  0:12  SCV  
  14  0:17  Supply Depot  
  14  0:25  SCV  
  15  0:38  SCV  
  15  0:40  Barracks  
  16  0:43  Refinery  
  16  0:50  SCV  
  17  1:02  SCV  
  18  1:15  SCV  
  19  1:27  Marine, Orbital Command  
  20  1:45  Command Center  
  20  1:46  Marine  
  21  1:55  Supply Depot  
  21  1:57  SCV  
  22  2:05  Marine  
  23  2:12  Bunker  
  23  2:16  SCV  
  23  2:22  Factory  
  24  2:28  Refinery, SCV  
  25  2:30  Marine  
  26  2:40  SCV  
  27  2:48  Marine  
  28  2:53  SCV  
  28  2:56  Bunker  
  28  3:02  Orbital Command  
  28  3:05  SCV  
  29  3:06  Factory Tech Lab  
  29  3:09  Marine  
  30  3:17  SCV  
  31  3:20  Engineering Bay  
  31  3:25  Cyclone  
  33  3:37  Marine, Bunker  
  32  3:45  SCV  
  32  3:46  SCV  
  32  3:47  Starport  
  33  3:49  Supply Depot  
  29  4:12  Cyclone  
  29  4:14  Marine  
  33  4:18  SCV  
  33  4:19  SCV  
  35  4:24  Viking  
  37  4:33  Marine  
Tags
 
Add a new tag
Caveats
  • Supply blocks, unpowered buildings, or Contaminate may cause inaccurate times.
  • Supply counts are checked every 10 seconds.